AoeStats
← Infadel

Arabia

508083366Analyzed
1v1 RM · 12d ago on Sep 20, 2026· 29m 13s· 2 players
Game mode
Random Map
Map size
Tiny (2 player)
Population
200
Speed
Normal
Resources
Standard
Victory
Conquest
Starting age
Dark Age
Ending age
Imperial Age
RankedLock teamsTeams togetherTeam positionsShared explorationLock speedFull tech treeHidden civsTurbo modeCheats
Victory
Defeat
🇪🇸 Cumans · Spain
1108
+16
🇮🇳 Ethiopians · India
1111
-16
kikemzhz
6:41 Loom
9:27 Feudal Age
10:39 Double-Bit Axe
18:15 Horse Collar
19:59 Wheelbarrow
21:23 Town Watch
25:35 Castle Age
24:38 Scale Barding Armor
24:44 Forging
24:57 Gold Mining
25:55 Bloodlines
26:16 Elite Skirmisher
28:33 Light Cavalry
29:46 Chain Barding Armor
30:05 Iron Casting
Infadel
6:36 Loom
6:40 Loom
9:27 Feudal Age
10:52 Double-Bit Axe
20:43 Fletching
23:04 Castle Age
20:56 Gold Mining
22:57 Padded Archer Armor
24:14 Bow Saw
23:34 Crossbowman
24:20 Thumb Ring
26:58 Bodkin Arrow
27:14 Forging
27:10 Scale Barding Armor
Connection lost

Rejoining the realm…

Still unreachable

The connection could not be restored.

Session expired

The server has moved on; the page needs a fresh start.